 Dungeon Crawl Stone Soup version 0.19.1 (webtiles) character file.

345 tognito the Skirmisher (level 6, 0/57 HPs)
             Began as a Minotaur Berserker on Dec 3, 2016.
             Was a Priest of Trog.
             Succumbed to an orc wizard's poison
             ... on level 3 of the Dungeon.
             The game lasted 00:05:37 (2165 turns).

tognito the Skirmisher (Minotaur Berserker)         Turns: 2165, Time: 00:05:37

Health: 0/57       AC: 11    Str: 23    XL:     6   Next: 32%
Magic:  5/5        EV:  7    Int:  4    God:    Trog [***...]
Gold:   129        SH:  0    Dex: 10    Spells: 0 memorised, 5 levels left

rFire  . . .     SeeInvis .     a - +0 hand axe
rCold  . . .     Gourm    .     r - +0 plate armour
rNeg   . . .     Faith    +     (no shield)
rPois  .         Spirit   .     (helmet restricted)
rElec  .         Reflect  .     (no cloak)
rCorr  .         Harm     .     (no gloves)
MR     .....                    (no boots)
Stlth  ..........               q - amulet of faith
                                (no ring)
                                (no ring)

@: lethally poisoned (0 -> -18), exhausted, slowed, very slow
A: retaliatory headbutt, horns 2
a: Berserk, Trog's Hand, Burn Spellbooks, Renounce Religion


You were on level 3 of the Dungeon.
You worshipped Trog.
Trog was most pleased with you.
You were very hungry.

You visited 1 branch of the dungeon, and saw 3 of its levels.

You collected 129 gold pieces.

Inventory:

Hand Weapons
 a - a +0 hand axe (weapon)
Missiles
 b - 18 bolts
Armour
 r - a +0 plate armour (worn)
Jewellery
 q - an amulet of faith (around neck)
Scrolls
 d - 5 scrolls of remove curse {unknown}
 e - 2 scrolls of enchant armour {unknown}
 i - 12 scrolls of identify {unknown}
 j - a scroll of recharging {unknown}
 k - a scroll of magic mapping {unknown}
 m - a scroll of blinking {unknown}
 n - a scroll of teleportation {unknown}
 p - a scroll of enchant weapon {unknown}
Comestibles
 c - 2 bread rations
 f - 2 meat rations
 g - 2 slices of pizza
 h - a beef jerky


   Skills:
 * Level 5.9 Fighting
 * Level 5.9 Axes
 + Level 3.5 Armour
 + Level 3.5 Dodging


You had 5 spell levels left.
You didn't know any spells.

Dungeon Overview and Level Annotations

Branches:
Dungeon (3/15)

Altars:
Hepliaklqana
Trog


Innate Abilities, Weirdness & Mutations

You reflexively headbutt those who attack you in melee.
You have a pair of horns on your head.


Message History

Okay, then.
You aren't carrying any items that you can evoke.
Unknown command.
* * * LOW HITPOINT WARNING * * *
You feel very sick.
* * * LOW HITPOINT WARNING * * *
You feel very sick.
Items here: ))) [[ †† Butcher an orc corpse? [(y)es/(c)hoosy/(n)o/(a)ll/(e)dible/(q)uit/?]
Butcher an orc corpse? [(y)es/(c)hoosy/(n)o/(a)ll/(e)dible/(q)uit/?]
There isn't anything else to butcher here.
You butcher the orc corpse.
* * * LOW HITPOINT WARNING * * *
You feel sick.
Items here: % ))) [[ ÷ † Eat one of 2 chunks of flesh? (ye/n/q)
You start eating one of the 2 chunks of flesh.
Your skin stops crawling.
You feel less resistant to hostile enchantments.
You die...

#...# #...#
#...# #...#
#...####
#......#
#.)##.####
#...@..?.#
#.###.##.#
#.# #.# .#
####[###.# .#
#........# .#
#.##.##### .#
#.##.........
#.#########..
####### #.#


There were no monsters in sight!

Vanquished Creatures
  Sigmund (D:2)
  An orc priest (D:3)
  An orc wizard (D:3)
  Robin (D:2)
  2 adders
  An ooze (D:3)
  4 dart slugs
  A leopard gecko (D:1)
  8 orcs (D:3)
  7 bats
  2 giant cockroaches
  15 goblins
  6 hobgoblins
  8 jackals
  4 kobolds
  A quokka (D:2)
  A frilled lizard (D:3)
  12 rats
76 creatures vanquished.

Vanquished Creatures (others)
  A jackal (D:3)
1 creature vanquished.

Grand Total: 77 creatures vanquished

Notes
Turn   | Place    | Note
-------+----------+-------------------------------------------
     0 | D:1      | tognito the Minotaur Berserker began the quest for the Orb.
     0 | D:1      | Reached XP level 1. HP: 19/19 MP: 0/0
   365 | D:1      | Reached XP level 2. HP: 27/27 MP: 1/1
   572 | D:1      | Reached ** piety under Trog
   803 | D:1      | Reached XP level 3. HP: 33/33 MP: 2/2
   852 | D:2      | Noticed Sigmund
   859 | D:2      | Noticed Robin
   869 | D:2      | Killed Sigmund
   869 | D:2      | Reached skill level 5 in Fighting
   869 | D:2      | Reached skill level 5 in Axes
   869 | D:2      | Reached XP level 4. HP: 6/42 MP: 3/3
   869 | D:2      | Reached XP level 5. HP: 7/48 MP: 4/4
   874 | D:2      | Killed Robin
  1733 | D:2      | Found a bloodstained altar of Trog.
  1797 | D:3      | Found a hazy altar of Hepliaklqana.
  1822 | D:3      | Reached XP level 6. HP: 56/57 MP: 5/5
  1879 | D:3      | Reached *** piety under Trog
  2164 | D:3      | HP: 2/57 [poisoned by an orc wizard]
  2165 | D:3      | Succumbed to an orc wizard's poison

Skill      XL: |  1  2  3 |
---------------+----------+-----
Axes           | 4 5 |  5.9
Fighting       | 4 5 |  5.9
Armour         | 3 |  3.5
Dodging        | 3 |  3.5

Action                   |  1- 3 |  4- 6 || total
-------------------------+-------+-------++-------
Melee: Hand axe          |    56 |    86 ||   142
       Headbutt          |     7 |    14 ||    21
Invok: Berserk           |     1 |     1 ||     2
       Trog's Hand       |       |     1 ||     1
  Use: Potion            |     1 |       ||     1
  Eat: Chunk             |       |     5 ||     5
Armor: Animal skin       |     9 |     2 ||    11
       Ring mail         |       |    13 ||    13
       Plate armour      |       |    16 ||    16
Dodge: Dodged            |    37 |    48 ||    85
